 Dungeon Crawl Stone Soup version 0.28-a0-998-gb9e9c7b67e (webtiles) character file.

Game seed: 2843938334487718816

43 voltaire321 the Insei (level 3, 0/23 HPs)
             Began as an Octopode Transmuter on Dec 5, 2021.
             Slain by a hobgoblin (1 damage)
             ... on level 2 of the Dungeon.
             The game lasted 00:03:17 (785 turns).

voltaire321 the Insei (Octopode Transmuter)          Turns: 785, Time: 00:03:17

Health: 0/23       AC:  1    Str:  9    XL:     3   Next: 58%
Magic:  6/6        EV: 13    Int: 15    God:
Gold:   50         SH:  0    Dex: 14    Spells: 3/6 levels left

rFire   . . .      SeeInvis .   b - +0 dagger
rCold   . . .      Faith    .   (no shield)
rNeg    . . .      Spirit   .   (helmet restricted)
rPois   .          Reflect  .   (no amulet)
rElec   .          Harm     .   (no ring)
rCorr   .          Rampage  .   (no ring)
Will    .....                   (no ring)
Stlth   ++........              (no ring)
HPRegen 0.07/turn               (no ring)
MPRegen 0.10/turn               (no ring)
                                (no ring)
                                (no ring)

@: lethally poisoned (0 -> -1)
A: almost no armour, amphibious, 8 rings, camouflage 1, gelatinous body 1,
(nimble swimmer 1), tentacles
a: no special abilities


You were on level 2 of the Dungeon.
You visited 1 branch of the dungeon, and saw 2 of its levels.

You collected 50 gold pieces.

Inventory:

Hand Weapons
 b - a +0 dagger (weapon)
Scrolls
 a - a scroll of fog {unknown}
Potions
 c - a potion of haste {unknown}


   Skills:
 + Level 1.6 Fighting
 + Level 2.4 Dodging
 + Level 3.3 Unarmed Combat
 + Level 2.3 Spellcasting
 + Level 2.4 Transmutations


You had 3 spell levels left.
You knew the following spells:

 Your Spells              Type           Power      Damage    Failure   Level
a - Beastly Appendage     Tmut           18%        N/A       8%          1
b - Wereblood             Tmut           9%         N/A       12%         2

Your spell library contained the following spells:

 Spells                   Type           Power      Damage    Failure   Level
 Spider Form              Tmut/Pois      5%         N/A       36%         3
 Ice Form                 Ice/Tmut       5%         N/A       78%         4


Dungeon Overview and Level Annotations

Branches:
Dungeon (2/15)

Altars:

Shops:
D:1 *


Innate Abilities, Weirdness & Mutations

You cannot wear most types of armour.
You are amphibious.
You can wear up to eight rings at the same time.
Your skin changes colour to match your surroundings (Stealth+).
Your rubbery body absorbs attacks. (AC +1, EV +1)
((You are camouflaged near water. (Stealth+)))
You have tentacles for arms and can constrict up to eight enemies at once.


Message History

You hit the frilled lizard.
You kill the frilled lizard!
The endoplasm freezes you.
You are frozen.
You hit the endoplasm.
You squeeze the endoplasm, but do no damage.
The endoplasm is heavily wounded.
The endoplasm closely misses you.
You hit the endoplasm. You squeeze the endoplasm.
You feel a bit better.
You kill the endoplasm!
Your primal bloodlust has ended.
You hear a shout!
A hobgoblin comes into view.
The adder bites you.
You are poisoned.
The adder poisons you!
You barely miss the adder. Your grab misses the adder.
You feel sick. The adder bites you.
You hit the adder. Your grab misses the adder.
The adder is lightly wounded.
You feel sick. The adder bites you.
You hit the adder but do no damage. Your grab misses the adder.
Your squeeze misses the adder.
The adder is lightly wounded.
You feel sick. The adder closely misses you. The adder bites you.
You miss the adder. Your grab misses the adder. Your squeeze misses the adder.
The adder is lightly wounded.
You feel sick. The hobgoblin misses you. The adder bites you.
* * * LOW HITPOINT WARNING * * *
You barely miss the adder. Your grab misses the adder.
The adder is lightly wounded.
* * * LOW HITPOINT WARNING * * *
You feel sick. The adder closely misses you. The hobgoblin hits you.
* * * LOW HITPOINT WARNING * * *
You closely miss the adder. You grab the adder.
The adder is lightly wounded.
You constrict the adder.
* * * LOW HITPOINT WARNING * * *
You feel sick. The adder barely misses you. The hobgoblin hits you.
You die...

#.#. .. #.... #.#. .# ##
##.... #.#. .# #. #.....
#.#.##.# #. #.....
#.#....## #. ##.....
#.#.....# #.
.......####.##.##.# #.
.#.....#:.........##.##.
......S@g......#......#.
...#.#.#......##.######.
#.#......##.# #.
#.#......##.######.
..#...[..##........
###....(.##########
########


You could see an adder and a hobgoblin.

Vanquished Creatures
  A dart slug (D:1)
  4 bats (D:1)
  An endoplasm (D:2)
  A giant cockroach (D:1)
  2 goblins (D:1)
  2 hobgoblins
  8 jackals
  A kobold (D:1)
  2 quokkas (D:1)
  4 ball pythons
  4 frilled lizards
  7 rats (D:1)
37 creatures vanquished.

Notes
Turn   | Place    | Note
-------+----------+-------------------------------------------
     0 | D:1      | voltaire321 the Octopode Transmuter began the quest for the
                  | Orb.
     0 | D:1      | Reached XP level 1. HP: 13/13 MP: 3/3
   225 | D:1      | Reached XP level 2. HP: 18/18 MP: 3/5
   436 | D:1      | Found a faded altar of an unknown god.
   443 | D:1      | Learned a level 2 spell: Wereblood
   479 | D:1      | Reached XP level 3. HP: 23/23 MP: 2/6
   548 | D:1      | Found Ihoegh's General Store.
   784 | D:2      | HP: 1/23 [hobgoblin (1)]
   785 | D:2      | Slain by a hobgoblin

Illustrated notes

Levels and vault maps discovered:
D:1:      dpeg_arrival_ratfight, layout_rooms, serial_shops, shop,
          ebering_ecumenical_altar_petrified
D:2:      layout_basic, dk_noncrumbling_4, uniq_terence

Action                   || total
-------------------------++-------
Melee: Unarmed           ||    52
       Constrict         ||    22
       Kick              ||    15
       Tentacles         ||    11
       Punch             ||     1
       Dagger            ||    24
 Cast: Beastly Appendage ||    13
       Wereblood         ||     2
 Stab: Sleeping          ||     2
Armor: Skin              ||     1
Dodge: Dodged            ||    55

Table legend: (Time is in decaauts)
 A = Elapsed time spent in this place.
 B = Non-inter-level travel time spent in this place.
 C = Inter-level travel time spent in this place.
 D = Time resting spent in this place.
 E = Time spent auto-exploring this place.
 F = Levels seen in this place.
 G = Mean time per level.
                   A        B        C        D        E       F      G
               +--------+--------+--------+--------+--------+-----+--------+
         Total |    781 |    763 |     18 |    169 |    350 |   2 |  390.5 |
       Dungeon |    781 |    763 |     18 |    169 |    350 |   2 |  390.5 |
               +--------+--------+--------+--------+--------+-----+--------+

Top non-repeatable levels by time:
     D:1: 644 daAuts
     D:2: 136 daAuts
